[ AOE2 MATCH · #506262124 ]
UnrankedSpanish vs Georgians
Player's team · WIN
Rival team · LOSS
[ REPLAY ANALYSIS · EXTRACTED FROM THE RECORDED GAME ]
Feudal
10:36
Castle
16:48
Imperial
—
| APM avg | 70.4 |
| APM peak | 105 |
| eAPM avg | 28.8 |
| Villagers / military | 28 / 1 |
Focus
⚔️ 35.8% · 🌾 64.2%
Conquistador ×1
Feudal
10:12
Castle
—
Imperial
—
| APM avg | 71.4 |
| APM peak | 106 |
| eAPM avg | 30.6 |
| Villagers / military | 67 / 6 |
Focus
⚔️ 52.0% · 🌾 48.0%
Scout Cavalry ×6
Match map
Initial resources + every placement click. Lines = walls · curves = elevation contours. ◆ gold · ⬟ stone · ● berries · ✦ relic · ◌ wall gap
Your base· Open — unwalled flank
DS_Gabo's base· Open — 15t gap
Smoothed initial terrain · ◌ = detected wall gap · hover for details
Inputs per minute
— NHN Forever - - DS_Gabo
Build order — NHN Forever
60 actions detected in the replay
| 0:04 | Queue | Villager (Male) |
| 0:04 | Queue | Villager (Male) |
| 0:05 | Queue | Villager (Male) |
| 0:06 | Build | House |
| 0:08 | Build | House |
| 0:15 | Queue | Villager (Male) |
| 1:30 | Queue | Villager (Male) |
| 1:50 | Queue | Villager (Male) |
| 1:51 | Queue | Villager (Male) |
| 2:22 | Queue | Villager (Male) |
| 2:35 | Queue | Villager (Male) |
| 3:16 | Queue | Villager (Male) |
| 3:38 | Queue | Villager (Male) |
| 3:39 | Queue | Villager (Male) |
| 3:47 | Build | Lumber Camp |
| 4:18 | Build | House |
| 4:20 | Queue | Villager (Male) |
| 4:32 | Queue | Villager (Male) |
| 5:08 | Queue | Villager (Male) |
| 5:08 | Queue | Villager (Male) |
| 5:12 | Build | Mill |
| 5:52 | Queue | Villager (Male) |
| 6:05 | Queue | Villager (Male) |
| 6:05 | Queue | Villager (Male) |
| 6:41 | Build | House |
| 6:45 | Build | Mining Camp |
| 6:48 | Queue | Villager (Male) |
| 7:05 | Queue | Villager (Male) |
| 7:47 | Research | Loom |
| 8:26 | Research | Feudal Age |
| 8:43 | Build | Outpost |
| 8:53 | Queue | Villager (Male) |
| 10:36 | Age | Feudal Age |
| 10:43 | Queue | Villager (Male) |
| 11:06 | Build | Watch Tower |
| 11:10 | Build | Market |
| 11:16 | Queue | Villager (Male) |
| 11:40 | Queue | Villager (Male) |
| 11:53 | Build | Blacksmith |
| 11:54 | Build | Farm |
| 12:01 | Build | Farm |
| 12:09 | Build | Palisade Wall |
| 12:11 | Build | Palisade Wall |
| 12:12 | Build | Palisade Wall |
| 12:13 | Build | Palisade Wall |
| 12:14 | Build | Palisade Wall |
| 12:34 | Build | Farm |
| 13:11 | Build | Watch Tower |
| 14:00 | Build | Palisade Wall |
| 14:08 | Research | Castle Age |
| 15:21 | Build | Farm |
| 15:56 | Research | Stone Mining |
| 16:48 | Age | Castle Age |
| 16:53 | Queue | Villager (Male) |
| 17:19 | Build | Farm |
| 18:25 | Queue | Villager (Male) |
| 18:57 | Build | Castle |
| 19:14 | Queue | Villager (Male) |
| 19:44 | Queue | Conquistador |
| 20:21 | Build | Farm |
Build order — DS_Gabo
118 actions detected in the replay
| 0:00 | Queue | Villager (Male) |
| 0:00 | Queue | Villager (Male) |
| 0:01 | Queue | Villager (Male) |
| 0:02 | Build | House |
| 0:04 | Build | House |
| 0:05 | Queue | Villager (Male) |
| 0:05 | Queue | Villager (Male) |
| 1:16 | Queue | Villager (Male) |
| 1:44 | Queue | Villager (Male) |
| 2:10 | Queue | Villager (Male) |
| 2:17 | Build | House |
| 2:55 | Queue | Villager (Male) |
| 3:08 | Queue | Villager (Male) |
| 3:27 | Research | Loom |
| 3:41 | Queue | Villager (Male) |
| 3:42 | Queue | Villager (Male) |
| 3:45 | Queue | Villager (Male) |
| 4:17 | Build | Palisade Wall |
| 4:19 | Build | Palisade Wall |
| 4:20 | Build | Palisade Wall |
| 4:22 | Build | Palisade Wall |
| 4:25 | Queue | Villager (Male) |
| 4:51 | Build | Palisade Gate |
| 4:57 | Queue | Villager (Male) |
| 4:58 | Queue | Villager (Male) |
| 4:58 | Queue | Villager (Male) |
| 5:09 | Queue | Villager (Male) |
| 5:19 | Queue | Villager (Male) |
| 5:34 | Build | Palisade Gate |
| 5:39 | Build | Palisade Gate |
| 5:43 | Queue | Villager (Male) |
| 6:06 | Queue | Villager (Male) |
| 6:34 | Queue | Villager (Male) |
| 6:35 | Queue | Villager (Male) |
| 6:35 | Queue | Villager (Male) ×2 |
| 6:51 | Build | Mill |
| 7:06 | Queue | Villager (Male) |
| 7:07 | Queue | Villager (Male) ×2 |
| 7:24 | Build | Palisade Wall |
| 7:42 | Queue | Villager (Male) |
| 7:42 | Queue | Villager (Male) ×2 |
| 7:42 | Queue | Villager (Male) ×2 |
| 8:02 | Research | Feudal Age |
| 9:34 | Build | Barracks |
| 10:04 | Queue | Villager (Male) |
| 10:04 | Queue | Villager (Male) |
| 10:09 | Build | House |
| 10:12 | Age | Feudal Age |
| 10:33 | Build | Stable |
| 10:53 | Queue | Villager (Male) |
| 11:04 | Research | Double-Bit Axe |
| 11:05 | Queue | Villager (Male) |
| 11:13 | Queue | Scout Cavalry |
| 11:13 | Queue | Scout Cavalry |
| 11:14 | Queue | Villager (Male) ×3 |
| 11:22 | Build | House |
| 11:28 | Build | House |
| 11:37 | Queue | Villager (Male) |
| 11:42 | Research | Horse Collar |
| 11:44 | Queue | Scout Cavalry |
| 11:46 | Queue | Villager (Male) |
| 11:46 | Queue | Villager (Male) |
| 11:48 | Build | House |
| 11:53 | Queue | Villager (Male) |
| 12:07 | Build | Palisade Wall |
| 12:07 | Build | Palisade Wall |
| 12:09 | Queue | Villager (Male) |
| 12:26 | Queue | Villager (Male) |
| 12:32 | Build | Watch Tower |
| 12:33 | Queue | Villager (Male) |
| 12:41 | Build | Mule Cart |
| 12:44 | Queue | Scout Cavalry ×2 |
| 12:44 | Queue | Scout Cavalry |
| 12:56 | Queue | Villager (Male) |
| 12:57 | Build | Farm |
| 13:01 | Build | House |
| 13:25 | Queue | Villager (Male) ×2 |
| 13:48 | Queue | Villager (Male) |
| 13:49 | Queue | Villager (Male) |
| 13:50 | Build | Farm |
| 13:51 | Build | Farm |
| 14:02 | Build | Farm |
| 14:02 | Queue | Villager (Male) |
| 14:11 | Build | Watch Tower |
| 14:41 | Queue | Villager (Male) |
| 15:06 | Build | House |
| 15:23 | Build | House |
| 15:35 | Build | Watch Tower |
| 15:44 | Queue | Villager (Male) |
| 15:46 | Build | Farm |
| 16:15 | Queue | Villager (Male) |
| 16:52 | Build | House |
| 16:53 | Queue | Villager (Male) |
| 17:17 | Queue | Villager (Male) |
| 17:21 | Build | Watch Tower |
| 17:47 | Queue | Villager (Male) |
| 17:51 | Build | Watch Tower |
| 17:58 | Build | Farm |
| 18:12 | Build | Mule Cart |
| 18:16 | Build | Farm |
| 18:16 | Build | Farm |
| 18:16 | Build | Farm |
| 18:17 | Build | Farm |
| 18:17 | Build | Farm |
| 18:17 | Build | Farm |
| 18:17 | Build | Farm |
| 18:25 | Queue | Villager (Male) |
| 18:25 | Queue | Villager (Male) |
| 18:29 | Build | House |
| 18:42 | Build | Farm |
| 18:43 | Build | Farm |
| 18:56 | Queue | Villager (Male) |
| 19:02 | Build | Watch Tower |
| 19:15 | Queue | Villager (Male) |
| 19:34 | Queue | Villager (Male) |
| 19:34 | Queue | Villager (Male) |
| 19:51 | Queue | Villager (Male) |
| 19:51 | Queue | Villager (Male) |
Match timeline
| 4:17 | DS_Gabo · wall_segment Palisade Wall x1 |
| 4:19 | DS_Gabo · wall_segment Palisade Wall x1 |
| 4:20 | DS_Gabo · wall_segment Palisade Wall x1 |
| 4:22 | DS_Gabo · wall_segment Palisade Wall x1 |
| 7:24 | DS_Gabo · wall_segment Palisade Wall x1 |
| 9:34 | DS_Gabo · first_building Barracks |
| 10:12 | DS_Gabo · age_up feudal |
| 10:33 | DS_Gabo · first_building Stable |
| 10:36 | NHN Forever · age_up feudal |
| 12:07 | DS_Gabo · wall_segment Palisade Wall x1 |
| 12:07 | DS_Gabo · wall_segment Palisade Wall x3 |
| 12:09 | NHN Forever · wall_segment Palisade Wall x1 |
| 12:11 | NHN Forever · wall_segment Palisade Wall x1 |
| 12:12 | NHN Forever · wall_segment Palisade Wall x1 |
| 12:13 | NHN Forever · wall_segment Palisade Wall x1 |
| 12:14 | NHN Forever · wall_segment Palisade Wall x1 |
| 12:46 | NHN Forever · first_market_sell 100 stone |
| 12:48 | NHN Forever · first_market_buy 100 food |
| 14:00 | NHN Forever · wall_segment Palisade Wall x1 |
| 16:48 | NHN Forever · age_up castle |
| 18:57 | NHN Forever · first_building Castle |
| 20:22 | DS_Gabo · resign |
[ AI ANALYSIS · 1 CREDIT ]
What really happened in this match?
Wolo.gg analyzes every decision: build order, eco, micro, common mistakes by bracket. Personalized analysis on WhatsApp or Discord in 30 seconds.
Civ guide
Spanish
Perfil
NHN Forever